 Dungeon Crawl Stone Soup version 0.29.1-15-g9cfb28693d (webtiles) character file.

Game seed: 282704222378038024

9 Mysteryquy the Shield-Bearer (level 2, -1/19 HPs)
             Began as a Demonspawn Wanderer on May 2, 2023.
             Frozen to death by an endoplasm (5 damage)
             ... on level 1 of the Dungeon.
             The game lasted 00:00:27 (739 turns).

Mysteryquy the Shield-Bearer (Demonspawn Wanderer)   Turns: 739, Time: 00:00:28

Health: -1/19      AC:  2    Str: 12    XL:     2   Next: 3%
Magic:  3/3        EV: 10    Int: 12    God:
Gold:   51         SH: 10    Dex: 13    Spells: 2/3 levels left

rFire   . . .      SeeInvis .   a - +0 dagger
rCold   . . .      Faith    .   c - +2 buckler
rNeg    . . .      Spirit   .   e - +0 robe
rPois   .          Reflect  .   (no helmet)
rElec   .          Harm     .   (no cloak)
rCorr   .          Rampage  .   (no gloves)
Will    .....                   (no boots)
Stlth   ++........              (no amulet)
HPRegen 0.06/turn               (no ring)
MPRegen 0.08/turn               (no ring)

@: no status effects
A: large bone plates 1
a: no special abilities


You were on level 1 of the Dungeon.
You visited 1 branch of the dungeon, and saw 1 of its levels.

You collected 51 gold pieces.

Inventory:

Hand Weapons
 a - a +0 dagger (weapon)
Missiles
 b - 8 boomerangs (quivered)
Armour
 c - a +2 buckler (worn)
 e - a +0 robe (worn)
Scrolls
 d - a scroll of blinking
Potions
 f - a potion of attraction {unknown}


   Skills:
 + Level 1.7 Throwing
 + Level 1.0 Stealth
 + Level 3.0 Shields
 + Level 1.1 Spellcasting
 + Level 2.1 Summonings
 + Level 1.0 Evocations


You had 2 spell levels left.
You knew the following spells:

 Your Spells              Type           Power      Damage    Failure   Level
a - Summon Small Mammal   Summ           20%        N/A       16%         1

Your spell library contained the following spells:

 Spells                   Type           Power      Damage    Failure   Level
 Call Canine Familiar     Summ           5%         N/A       43%         3


Dungeon Overview and Level Annotations

Branches:
Dungeon (1/15)

Altars:


Innate Abilities, Weirdness & Mutations

You are partially covered in large bone plates. (SH +4)


Message History

You barely miss the kobold.
The kobold hits you with a +0 short sword.
You block the endoplasm's attack. You block the hobgoblin's attack.
The hobgoblin hits you.
You hit the kobold.
You kill the kobold!
The hobgoblin closely misses you. The endoplasm freezes you.
You are frozen.
You block the hobgoblin's attack.
You have reached level 2!
Your demonic ancestry asserts itself...
Large bone plates grow over parts of your arms.
You closely miss the hobgoblin. The endoplasm freezes you.
You are frozen.
You block the hobgoblin's attack. The hobgoblin closely misses you.
You hit the hobgoblin but do no damage.
The endoplasm hits you but does no damage.
The hobgoblin barely misses you. The hobgoblin hits you.
The hobgoblin attacks as you move away! You block the hobgoblin's attack.
The hobgoblin attacks as you move away! The hobgoblin barely misses you.
The endoplasm attacks as you move away! The endoplasm barely misses you.
The hobgoblin attacks as you move away! You block the hobgoblin's attack.
The endoplasm attacks as you move away! You block the endoplasm's attack.
The endoplasm attacks as you move away! The endoplasm hits you.
The endoplasm attacks as you move away! The endoplasm hits you.
You barely miss the endoplasm.
The endoplasm hits you but does no damage.
You hit the endoplasm but do no damage. The endoplasm misses you.
You hit the endoplasm but do no damage. You block the endoplasm's attack.
You barely miss the endoplasm.
The endoplasm jiggles.
The endoplasm freezes you.
You are frozen.
* * * LOW HITPOINT WARNING * * *
You hit the endoplasm.
The endoplasm is moderately wounded.
The endoplasm freezes you.
You are frozen.
You die...

#...#.P.#8..# #.####P.#..P♣# #.#
#..'†..⌠# #.# #..#...♣#
..#####.####.P#8..##.[..
.#..........##.#♣..#.... .#.
.#.##.####..##.#####...# .#.##
..##.####..#### ...# ....#
#.##.##...@#### ...#
.#..###.##....###Jg.# ...#
.#.......#...## ##g.#####†..####
###......#...# #..............
.............# #......).......
.........##.#.# #...........)...
##.#.....##.##...##.#####..(####
##.########.........# ...# ##.#
###.####### ...#


You could see an endoplasm and 2 hobgoblins.

Vanquished Creatures
  2 ball pythons (D:1)
  An endoplasm (D:1)
  A giant cockroach (D:1)
  A goblin (D:1)
  A kobold (D:1)
  A frilled lizard (D:1)
7 creatures vanquished.

Notes
Turn   | Place    | Note
-------+----------+-------------------------------------------
     0 | D:1      | Mysteryquy the Demonspawn Wanderer began the quest for the
                  | Orb.
     0 | D:1      | Mysteryquy set off with the following items: a +0 dagger, 8
                  | boomerangs, a +2 buckler, a scroll of blinking, a +0 robe;
                  | and the following spell memorised: Summon Small Mammal; and
                  | the following spells available to memorise: Call Canine
                  | Familiar.
     0 | D:1      | Reached XP level 1. HP: 13/13 MP: 2/2
   685 | D:1      | Found a faded altar of an unknown god.
   723 | D:1      | Reached skill level 3 in Shields
   725 | D:1      | Gained mutation: You are partially covered in large bone
                  | plates. (SH +4) [demonic ancestry]
   725 | D:1      | Reached XP level 2. HP: 13/19 MP: 3/3
   739 | D:1      | Frozen to death by an endoplasm

Illustrated notes

Levels and vault maps discovered:
D:1:      scummos_arrival_simple_fountains, layout_loops_cross,
          chequers_ecumenical_altar_lobes, minmay_heptomino_w4

Skill      XL: |  1 |
---------------+----+-----
Shields        | 3 |  3.0
Throwing       | |  1.7
Stealth        | |  1.0
Spellcasting   | |  1.1
Summonings     | |  2.1
Evocations     | |  1.0

Action                   || total
-------------------------++-------
Melee: Dagger            ||    39
Armor: Robe              ||     6
Dodge: Dodged            ||    14
Block: Buckler           ||    16
